 Dungeon Crawl Stone Soup version 0.26-a0-612-gd4d190f45e (webtiles) character file.

Game seed: 5851609390700656874

5 Peloso the Skirmisher (level 1, -2/18 HPs)
             Began as a Demonspawn Fighter on Sept 10, 2020.
             Slain by an adder (3 damage)
             ... on level 2 of the Dungeon.
             The game lasted 00:02:03 (542 turns).

Peloso the Skirmisher (Demonspawn Fighter)           Turns: 542, Time: 00:02:04

Health: -2/18      AC:  6    Str: 13 (16) XL:     1   Next: 66%
Magic:  1/1        EV:  6    Int:  6 (9)  God:
Gold:   48         SH: 13    Dex: 11 (12) Spells: 0/0 levels left

rFire    . . .     SeeInvis .   a - +0 long sword
rCold    . . .     Faith    .   c - +0 kite shield
rNeg     . . .     Spirit   .   b - +0 scale mail
rPois    .         Reflect  +   (no helmet)
rElec    .         Harm     .   i - scarf {+Inv}
rCorr    .                      (no gloves)
MR       .....                  (no boots)
Stlth    ..........             g - amulet of reflection
HPRegen  0.06/turn              (no ring)
MPRegen  0.07/turn              (no ring)

@: lethally poisoned (-2 -> -6)
A: no striking features
a: Evoke Invisibility


You were on level 2 of the Dungeon.
You visited 1 branch of the dungeon, and saw 2 of its levels.

You collected 48 gold pieces.

Inventory:

Hand Weapons
 a - a +0 long sword (weapon)
Armour
 b - a +0 scale mail (worn)
 c - a +0 kite shield (worn)
 i - a scarf of invisibility (worn)
Jewellery
 g - an amulet of reflection (around neck)
Scrolls
 e - a scroll of remove curse
 j - a scroll of immolation {unknown}
 k - a scroll of magic mapping {unknown}
 l - a scroll of fog {unknown}
Potions
 d - 2 potions of might
 h - a potion of haste


   Skills:
 + Level 3.1 Fighting
 + Level 1.8 Long Blades
 + Level 2.8 Armour
 + Level 2.7 Shields


You couldn't memorise any spells.
You didn't know any spells.
Your spell library was empty.

Dungeon Overview and Level Annotations

Branches:
Dungeon (2/15)

Altars:


Message History

You block the adder's attack. The adder completely misses you.
You riposte.
You miss the adder.
The adder is almost dead.
Unknown command.
You closely miss the adder.
The adder is almost dead.
* * * LOW HITPOINT WARNING * * *
You feel sick. The bat closely misses you. You block the bat's attack.
The adder barely misses you.
You riposte.
You closely miss the adder.
The adder is almost dead.
Unknown command.
You barely miss the adder.
The adder is almost dead.
The bat hits you but does no damage. You block the adder's attack.
The adder bites you but does no damage.
You closely miss the adder.
The adder is almost dead.
* * * LOW HITPOINT WARNING * * *
You feel sick. The bat hits you but does no damage. The adder bites you.
You die...

############
#..........## ###
............#.....
..<....@S.........
.......b..........
...........?......
..................
.............#.###
...............#
#.....?....#####
######..#### #..#


You could see an adder and a bat.

Vanquished Creatures
  A giant cockroach (D:1)
  A goblin (D:1)
  2 bats
  A kobold (D:1)
  A rat (D:1)
6 creatures vanquished.

Notes
Turn   | Place    | Note
-------+----------+-------------------------------------------
     0 | D:1      | Peloso the Demonspawn Fighter began the quest for the Orb.
     0 | D:1      | Reached XP level 1. HP: 18/18 MP: 1/1
   542 | D:2      | Slain by an adder

Illustrated notes

Levels and vault maps discovered:
D:1:      sevenhm_arrival_forest_fort_small_5, layout_rooms,
          minmay_misc_feat_columns
D:2:      layout_rooms, marbit_many_paths

Action                   || total
-------------------------++-------
Melee: Long sword        ||    32
  Use: Potion            ||     3
       Scroll            ||     2
Armor: Scale mail        ||    20
Dodge: Dodged            ||    17
Block: Kite shield       ||    36
       Rpst.: Long sword ||     6

Table legend: (Time is in decaauts)
 A = Elapsed time spent in this place.
 B = Non-inter-level travel time spent in this place.
 C = Inter-level travel time spent in this place.
 D = Time resting spent in this place.
 E = Time spent auto-exploring this place.
 F = Levels seen in this place.
 G = Mean time per level.
                   A        B        C        D        E       F      G
               +--------+--------+--------+--------+--------+-----+--------+
         Total |    541 |    529 |     12 |      0 |    406 |   2 |  270.5 |
       Dungeon |    541 |    529 |     12 |      0 |    406 |   2 |  270.5 |
               +--------+--------+--------+--------+--------+-----+--------+

Top non-repeatable levels by time:
     D:1: 504 daAuts
     D:2: 37 daAuts
